 Dungeon Crawl Stone Soup version 0.28.0-53-g5a82cb258f (webtiles) character file.

Game seed: 17565663202767481137

438 Zeld the Chopper (level 6, -3/57 HPs)
             Began as a Minotaur Berserker on May 22, 2022.
             Was a Believer of Trog.
             Shot with an arrow by a centaur (7 damage)
             ... on level 5 of the Dungeon.
             The game lasted 00:02:01 (4361 turns).

Zeld the Chopper (Minotaur Berserker)               Turns: 4361, Time: 00:02:02

Health: -3/57      AC:  3    Str: 23    XL:     6   Next: 69%
Magic:  5/5        EV: 12    Int:  4    God:    Trog [**....]
Gold:   195        SH:  0    Dex: 10    Spells: 5/5 levels left

rFire   . . .      SeeInvis .   a - +0 hand axe
rCold   . . .      Faith    .   (no shield)
rNeg    . . .      Spirit   .   b - +0 animal skin
rPois   .          Reflect  .   (helmet restricted)
rElec   .          Harm     .   (no cloak)
rCorr   .          Rampage  .   q - +0 pair of gloves
Will    ++...                   (no boots)
Stlth   +.........              (no amulet)
HPRegen 1.19/turn               (no ring)
MPRegen 0.09/turn               (no ring)

@: strong-willed, regenerating
A: horns 2, retaliatory headbutt
a: Renounce Religion, Berserk, Trog's Hand


You were on level 5 of the Dungeon.
You worshipped Trog.
Trog was pleased with you.
You visited 1 branch of the dungeon, and saw 5 of its levels.

You collected 195 gold pieces.

Inventory:

Hand Weapons
 a - a +0 hand axe (weapon)
Armour
 b - a +0 animal skin (worn)
 q - a +0 pair of gloves (worn)
Scrolls
 f - a scroll of teleportation {unknown}
 i - a scroll of blinking {unknown}
 j - a scroll of enchant armour {unknown}
 k - a scroll of fear {unknown}
 l - a scroll of immolation {unknown}
 o - a scroll of fog {unknown}
 p - a scroll of torment {unknown}
 r - a scroll of summoning {unknown}
Potions
 c - a potion of invisibility {unknown}
 d - 2 potions of lignification {unknown}
 e - 4 potions of haste {unknown}
 g - a potion of flight {unknown}
 h - a potion of experience {unknown}
 m - a potion of resistance {unknown}
 n - a potion of ambrosia {unknown}


   Skills:
 * Level 6.0 Fighting
 * Level 6.1 Axes
 + Level 4.1 Armour
 + Level 3.6 Dodging


You had 5 spell levels left.
You didn't know any spells.
Your spell library was empty.

Dungeon Overview and Level Annotations

Branches:
Dungeon (5/15)
 Temple: D:4-7

Altars:


Innate Abilities, Weirdness & Mutations

You have a pair of horns on your head.
You reflexively headbutt those who attack you in melee.


Message History

Your skin stops crawling.
You feel less strong-willed.
You feel yourself speed up.
Key pressed, stopping explore.
You start resting.
You recover from your berserk rage.
A white imp comes into view.
A white imp is nearby!
A white imp is nearby!
The white imp shouts!
A centaur comes into view.
The centaur wields a +0 shortbow.
The centaur shoots an arrow.
The arrow barely misses you. The white imp gestures at you.
The puff of frost hits you!
You hear a shout!
You hit the white imp.
The white imp is heavily wounded.
The centaur shoots an arrow.
The arrow hits you! The white imp barely misses you.
You hit the white imp.
The white imp is almost dead.
The centaur shoots an arrow.
The arrow hits you.
* * * LOW HITPOINT WARNING * * *
The white imp hits you.
* * * LOW HITPOINT WARNING * * *
The white imp freezes you.
* * * LOW HITPOINT WARNING * * *
Your skin crawls.
You feel strong-willed.
The centaur shoots an arrow.
The arrow hits you.
* * * LOW HITPOINT WARNING * * *
The centaur shoots an arrow.
The arrow barely misses you. The white imp barely misses you.
You furiously retaliate!
You headbutt the white imp.
You kill the white imp!
Trog accepts your kill.
Unknown command.
Unknown command.
The centaur shoots an arrow.
The arrow hits you!
You die...

#.#.. ........#.#
..# ........#.## #
........#..#
.....#####.## ....
..... #..# ....
..... ##.## .....
.. ####).# ...
#...#+##.####
#..@...c....#
#.....!.....#
#..(........#
..............#
..................
..................
........###..#....
........# .......
......### #>.....


You could see a centaur.

Vanquished Creatures
  A centaur (D:5)
  2 hounds
  3 orc priests (D:4)
  A bullfrog skeleton (D:4)
  A hound skeleton (D:4)
  7 adders
  A white imp (D:5)
  An ufetubus (D:4)
  3 adder skeletons
  2 worms (D:2)
  2 dart slugs
  5 orcs (D:4)
  8 ball pythons
  6 endoplasms
  3 giant cockroaches
  5 hobgoblins
  3 jackals (D:3)
  4 kobolds
  4 quokkas
  7 bats
  A frilled lizard (D:3)
  3 goblins
  9 rats
82 creatures vanquished.

Vanquished Creatures (others)
  A plant (D:4)
1 creature vanquished.

Grand Total: 83 creatures vanquished

Notes
Turn   | Place    | Note
-------+----------+-------------------------------------------
     0 | D:1      | Zeld the Minotaur Berserker began the quest for the Orb.
     0 | D:1      | Reached XP level 1. HP: 19/19 MP: 0/0
   343 | D:1      | Reached XP level 2. HP: 27/27 MP: 1/1
  1222 | D:2      | Reached XP level 3. HP: 18/33 MP: 2/2
  1927 | D:2      | Found a faded altar of an unknown god.
  2247 | D:2      | Reached ** piety under Trog
  2383 | D:3      | Reached XP level 4. HP: 29/41 MP: 3/3
  3040 | D:4      | Reached skill level 5 in Fighting
  3040 | D:4      | Reached skill level 5 in Axes
  3040 | D:4      | Reached XP level 5. HP: 26/48 MP: 4/4
  3657 | D:4      | Reached XP level 6. HP: 55/56 MP: 5/5
  4126 | D:5      | Entered Level 5 of the Dungeon
  4361 | D:5      | Shot with an arrow by a centaur

Illustrated notes

Levels and vault maps discovered:
D:1:      roderic_chinese_lattice_arrival, layout_loops_corners, hex_large,
          lemuel_flame_loot_1
D:2:      layout_loops_ring, ebering_ecumenical_altar_hall
D:3:      layout_rooms
D:4:      layout_basic, serial_bayou_pond_b
D:5:      layout_basic, uniq_crazy_yiuf_cottage, uniq_duvessa

Skill      XL: |  1  2  3  4  5  6 |
---------------+-------------------+-----
Fighting       | 4 5 6 |  6.0
Axes           | 4 5 6 |  6.1
Armour         | 3 4 |  4.1
Dodging        | 3 |  3.6

Action                   |  1- 3 |  4- 6 || total
-------------------------+-------+-------++-------
Melee: Hand axe          |    70 |   108 ||   178
       Headbutt          |    10 |    20 ||    30
Invok: Berserk           |     1 |     2 ||     3
       Trog's Hand       |       |     2 ||     2
 Stab: Sleeping          |     2 |       ||     2
Armor: Animal skin       |     8 |    25 ||    33
Dodge: Dodged            |    39 |    91 ||   130
